 Dungeon Sprint DCSS version 0.30-a0-586-g23e55c9e0a (webtiles) character file.

Game seed: 13488399245969767256

149569 mhtbhm the Heavyweight Champion (level 16, 0/246 (249) HPs)
             Began as a Troll Transmuter on Jan 4, 2023.
             Was an Initiate of Gozag.
             Slain by a daeva
             ... wielding a +3 long sword of holy wrath
              (13 damage)
             ... in the Dungeon (Sprint VII: "The Pits").
             The game lasted 00:36:34 (7044 turns).

mhtbhm the Heavyweight Champion (Troll Transmuter)  Turns: 7044, Time: 00:36:35

HP:   0/246 (249)   AC: 16    Str: 44    XL:     16   Next: 67%
MP:   25/26         EV: 19    Int:  5    God:    Gozag
Gold: 15            SH:  0    Dex: 12    Spells: 8/47 levels left

rFire   + + .      SeeInvis .      - Unarmed
rCold   + + .      Faith    .    (shield currently unavailable)
rNeg    . . .      Spirit   .    (body armour currently unavailable)
rPois   +          Reflect  .    (helmet currently unavailable)
rElec   .          Harm     .    (cloak currently unavailable)
rCorr   .          Rampage  .    (gloves unavailable)
Will    +....      NoTele   +    (boots unavailable)
Stlth   ++                       w - amulet of the acrobat
HPRegen 1.41/turn                C - ring of Husmeam {rPois rC+++ MP-9 EV+5}
MPRegen 0.20/turn                q - ring "Wemuo" {rPois Str+6 Int-4 Dex+2 Stlth+}

@: short of breath, dragon-form, gold aura, flying, glowing, lightly drained
A: dragon claw, dragon scales, breathe fire, flying, boosted hp, giant,
unfitting armour, (claws 3), regeneration 1, (shaggy fur 1), (tough skin 1),
deterioration 1, (fire resistance 1), wild magic 1, MP-powered wands
}: 1/3 runes: iron
a: Breathe Fire, End Transformation, Renounce Religion, Potion Petition, Call
Merchant, Bribe Branch


You were in the Dungeon.
You worshipped Gozag.
Gozag was noncommittal.
You were a fearsome dragon!
You visited 1 branch You collected 18092 gold pieces.
You spent 2209 gold pieces at shops.
You paid 15868 gold pieces to Gozag.

Inventory:

Armour
 a - the +0 robe of the Witching Gods (melded) {rElec Str+8 Dex-4 SInv}
   (You bought it in a shop in the Dungeon)

   Str:       It affects your strength (+8).
   Dex:       It affects your dexterity (-4).
   rElec:     It insulates you from electricity.
   SInv:      It lets you see invisible.
 g - a +2 cloak (melded)
 h - a +2 robe of fire resistance
 k - +2 gold dragon scales
Jewellery
 e - the ring "Ocarux" {Fly rF+++ rN+ AC+4 Str-4}
   (You found it in the Dungeon)

   [ring of protection]

   AC:        It affects your AC (+4).
   Str:       It affects your strength (-4).
   rF:        It renders you almost immune to fire.
   rN:        It protects you from negative energy.
   Fly:       It grants you flight.
 m - the ring "Unlua" {rPois rN++ rCorr AC+4 Int-5}
   (You found it in the Dungeon)

   [ring of protection]

   AC:        It affects your AC (+4).
   Int:       It affects your intelligence (-5).
   rPois:     It protects you from poison.
   rN:        It greatly protects you from negative energy.
   rCorr:     It protects you from acid and corrosion.
 o - the ring "Riudos" {Ice rElec SInv Stlth+}
   (You found it in the Dungeon)

   [ring of ice]

   It enhances your ice magic.
   rF:        It makes you vulnerable to fire.
   rC:        It protects you from cold.
   rElec:     It insulates you from electricity.
   SInv:      It lets you see invisible.
   Stlth:     It makes you more stealthy.
 p - the amulet of Tulyzef {Acrobat Str-5 Int+6}
   (You found it in the Dungeon)

   [amulet of the acrobat]

   It increases your evasion while moving and waiting.
   Str:       It affects your strength (-5).
   Int:       It affects your intelligence (+6).
 q - the ring "Wemuo" (right foreclaw) {rPois Str+6 Int-4 Dex+2 Stlth+}
   (You found it in the Dungeon)

   [ring of strength]

   Str:       It affects your strength (+6).
   Int:       It affects your intelligence (-4).
   Dex:       It affects your dexterity (+2).
   rPois:     It protects you from poison.
   Stlth:     It makes you more stealthy.
 w - an amulet of the acrobat (around neck)
 x - the ring "Desywn" {rF+ Slay+4}
   (You found it in the Dungeon)

   [ring of slaying]

   Slay:      It affects your accuracy & damage with ranged weapons and melee
   (+4).
   rF:        It protects you from fire.
 z - the ring of Xuimu {rElec EV+5 Int-5 Stlth+}
   (You found it in the Dungeon)

   [ring of evasion]

   EV:        It affects your evasion (+5).
   Int:       It affects your intelligence (-5).
   rElec:     It insulates you from electricity.
   Stlth:     It makes you more stealthy.
 C - the ring of Husmeam (left foreclaw) {rPois rC+++ MP-9 EV+5}
   (You found it in the Dungeon)

   [ring of evasion]

   EV:        It affects your evasion (+5).
   rC:        It renders you almost immune to cold.
   rPois:     It protects you from poison.
   MP:        It affects your magic capacity (-9).
 E - the amulet of Acea {Reflect *Corrode rPois Int-5 SH+5 SInv}
   (You found it in the Dungeon)

   [amulet of reflection]

   It reflects blocked missile attacks.
   Int:       It affects your intelligence (-5).
   rPois:     It protects you from poison.
   SInv:      It lets you see invisible.
   *Corrode:  It may corrode you when you take damage.
   SH:        It affects your SH (+5).
 G - the ring "Conlinweef" {Ice *Corrode +Blink Int+8}
   (You found it in the Dungeon)

   [ring of ice]

   It enhances your ice magic.
   Int:       It affects your intelligence (+8).
   rF:        It makes you vulnerable to fire.
   rC:        It protects you from cold.
   +Blink:    It lets you blink.
   *Corrode:  It may corrode you when you take damage.
Scrolls
 i - 5 scrolls of amnesia
 j - a scroll of silence
 t - 4 scrolls of fog
 u - 4 scrolls of identify
 y - a scroll of fear
 A - 2 scrolls of enchant weapon
 B - 2 scrolls of enchant armour
Potions
 b - a potion of lignification
 c - 2 potions of curing
 f - 3 potions of magic
 n - 4 potions of brilliance
 r - a potion of mutation
 s - a potion of resistance
 F - 2 potions of attraction
Miscellaneous
 l - a lightning rod (4/4)


   Skills:
 + Level 12.3 Fighting
 + Level 17.3 Dodging
 + Level 10.8 Stealth
 O Level 27 Unarmed Combat
 + Level 16.2 Spellcasting
 + Level 18.1 Transmutations
 + Level 7.4 Ice Magic
 + Level 0.9 Earth Magic
 + Level 1.5 Poison Magic
 + Level 8.8 Evocations


You had 8 spell levels left.
You knew the following spells:

 Your Spells              Type           Power      Damage    Failure   Level
a - Beastly Appendage     Tmut           56%        N/A       1%          1
b - Wereblood             Tmut           28%        N/A       1%          2
c - Spider Form           Tmut/Pois      18%        N/A       1%          3
d - Ice Form              Ice/Tmut       21%        N/A       1%          4
e - Statue Form           Tmut/Erth      11%        N/A       38%         6
f - Blade Hands           Tmut           14%        N/A       1%          5
g - Petrify               Tmut/Erth      17%        N/A       3%          4
h - Dragon Form           Tmut           14%        N/A       8%          7
i - Storm Form            Tmut/Air       8%         N/A       95%         7

Your spell library contained the following spells:

 Spells                   Type           Power      Damage    Failure   Level
 Sting                    Tmut/Pois      72%        1d6       1%          1
 Irradiate                Conj/Tmut      8%         3d14      11%         5
 Inner Flame              Hex/Fire       5%         N/A       38%         3
 Flame Wave               Conj/Fire      5%         2d5       78%         4
 Sticky Flame             Conj/Fire      5%         2d3       78%         4
 Summon Forest            Summ/Tloc      2%         N/A       98%         5
 Summon Mana Viper        Hex/Summ       5%         N/A       98%         5
 Summon Cactus Giant      Summ           2%         N/A       100%        6
 Borgnjor's Revivificati  Necr           2%         N/A       100%        8
 Necromutation            Tmut/Necr      8%         N/A       100%        8
 Death's Door             Necr           2%         N/A       100%        9


Dungeon Overview and Level Annotations

Branches:
Dungeon (1/1)

Altars:
Ashenzari
Cheibriados
Dithmenos
Elyvilon
Fedhas
Gozag
Hepliaklqana
Kikubaaqudgha
Makhleb
Nemelex Xobeh
Okawaru
Qazlal
Ru
Sif Muna
Trog
Uskayaw
Vehumet
Wu Jian
Xom
Yredelemnul
Zin
The Shining One
Jiyva
Lugonu

Shops:
D :?[*:!?*


Innate Abilities, Weirdness & Mutations

You are a fearsome dragon!
You have a powerful clawing attack.
Your giant scaled body is strong and resiliant, but less evasive.
You can breathe fire.
You are flying.
Your maximum health is greatly increased.
Your armour is entirely melded.
You are incapable of wielding weapons or throwing items.
You are too large for most types of armour.
((You have claws for hands.))
Your natural rate of healing is unusually fast.
((You are covered in fur. (AC +1)))
((You have tough skin. (AC +1)))
Your body sometimes deteriorates upon taking damage.
((Your flesh is heat resistant. (rF+)))
Your spells are a little harder to cast, but a little more powerful.
You expend magic power (3 MP) to strengthen your wands.


Message History

* * * LOW HITPOINT WARNING * * *
The shadow dragon claws you.
* * * LOW HITPOINT WARNING * * *
Unknown command.
As you read the scroll of fear, it crumbles to dust.
You assume a fearsome visage.
The shadow dragon easily resists.
The daeva resists with almost no effort.
The green death resists with almost no effort.
The green death is distracted by your dazzling golden aura.
The daeva hits you with a +3 long sword of holy wrath!
* * * LOW HITPOINT WARNING * * *
The daeva hits you but does no damage. The shadow dragon bites you.
* * * LOW HITPOINT WARNING * * *
You feel drained.
* * * LOW HITPOINT WARNING * * *
The shadow dragon claws you but does no damage.
The shadow dragon misses you.
Unknown command.
Okay, then.
Aiming: Breathe Fire (0% risk of failure)
Press: ? - help, Shift-Dir - straight line, f - daeva
Aim: a daeva, wielding a +3 long sword of holy wrath and wearing a +0 tower shield (severely wounded, haloed, 82% to hit)
You breathe a blast of fire.
The fiery breath hits the daeva!!
The daeva is almost dead.
The green death roars!
The daeva hits you with a +3 long sword of holy wrath!
* * * LOW HITPOINT WARNING * * *
The daeva hits you with a +3 long sword of holy wrath!
* * * LOW HITPOINT WARNING * * *
The shadow dragon barely misses you.
The shadow dragon claws you but does no damage.
The shadow dragon misses you.
Unknown command.
Unknown command.
Unknown command.
Okay, then.
You feel better.
The daeva hits you with a +3 long sword of holy wrath!
You die...
Your body crumbles into a pile of gold.

**,,,*#..........#*,,*,,,,*,,,,,,
,*,,,*#..........#*,,*,,,,*,,,,,,
,**,,++..#....#..#*,,**+##*,,,,,,
,,*,,++..........#*,,+....,,,,,,,
******#..........#*###...,,,,,,,,
#######..#....#..#*....#**,,,,,,,
.....''..........#*....#,.,,*,,,,
.....''..........#*.D..#..e,*,,,,
###..##..#....#.D##.......***,,,,
#.#..##..∩......DA2$......,,,,,,,
.##..##..........'§$......,,,,,,,
#.#..####''####''#########*******
.##..####''####''################
#.#..##......##......(...........
###..##.#[##.##................∩∩
.....##.#[.'.##..##############''
.....##.'[.#.##..#))#))#))))#....


You could see a shadow dragon, a daeva and a green death.

Vanquished Creatures
  the Royal Jelly (D)
  Ereshkigal (D)
  Mnoleg (D)
  2 orbs of fire (D)
  2 ancient liches (D)
  A royal mummy (D)
  Boris (D)
  3 pandemonium lords (D)
  2 Killer Klowns (D)
  Jory (D)
  A bone dragon (D)
  A pearl dragon (D)
  A Tzitzimitl (D)
  A hellephant (D)
  4 Brimstone Fiends (D)
  An electric golem (D)
  A tentacled monstrosity (D)
  4 Hell Sentinels (D)
  A lich (D)
  2 Ice Fiends (D)
  3 deep elf blademasters (D)
  A quicksilver dragon (D)
  Murray (D)
  3 acid blobs (D)
  Gastronok (D)
  A shadow dragon (D)
  5 azure jellies (D)
  A nagaraja (D)
  A draconian monk (D)
  2 daevas (D)
  A draconian knight (D)
  A frost giant (D)
  5 rockslimes (D)
  A balrug (D)
  2 orc warlords (D)
  A draconian scorcher (D)
  6 quicksilver oozes (D)
  2 ghost moths (D)
  An angel (D)
  A stone giant (D)
  A war gargoyle (D)
  A yellow draconian (D)
  4 black draconians (D)
  A red draconian (D)
  A white draconian (D)
  A dire elephant (D)
  A deep elf death mage (D)
  A fire dragon (D)
  An ettin (D)
  A blizzard demon (D)
  2 mummy priests (D)
  2 deep elf high priests (D)
  3 vault guards (D)
  An ice dragon (D)
  An anaconda (D)
  2 hydras (D)
  2 rakshasas (D)
  A merfolk avatar (D)
  A merfolk aquamancer (D)
  3 death knights (D)
  2 centaur warriors (D)
  A dancing weapon (D)
  2 two-headed ogres (D)
  A boulder beetle (D)
  A vampire mage (D)
  A naga warrior (D)
  2 spriggan berserkers (D)
  A spriggan (D)
  3 deep elf knights (D)
  3 sun demons (D)
  5 skeletal warriors (D)
  A spriggan druid (D)
  A flayed ghost (D)
  A bog body (D)
  A swamp dragon (D)
  13 orc knights (D)
  A lindwurm (D)
  2 wolf spiders (D)
  A deep elf pyromancer (D)
  A cyclops (D)
  A deep elf zephyrmancer (D)
  A manticore (D)
  2 rust devils (D)
  An elephant (D)
  A smoke demon (D)
  A cane toad (D)
  2 unseen horrors (D)
  A hellion (D)
  2 efreet (D)
  2 tormentors (D)
  A freezing wraith (D)
  A guardian mummy (D)
  A troll (shapeshifter) (D)
  An ice devil (D)
  A hellwing (D)
  2 hornets (D)
  A tarantella (D)
  2 wind drakes (D)
  6 dream sheep (D)
  A tyrant leech (D)
  2 shadows (D)
  6 water elementals (D)
  A fire elemental (D)
  2 wandering mushrooms (D)
  A chaos spawn (D)
  A redback (D)
  2 acid dragons (D)
  A water moccasin (D)
  An orc warrior (D)
  A black bear (D)
  A wolf (D)
  A centaur (D)
  A kobold brigand (D)
  A gnoll sergeant (D)
  4 scorpions (D)
  An iron imp (D)
  A quasit (D)
  An orc priest (D)
  2 hounds (D)
  An iguana (D)
  2 orc wizards (D)
  A small abomination (D)
  9 gnolls (D)
  2 river rats (D)
  A white imp (D)
  2 ufetubi (D)
  A worm (D)
  7 orcs (D)
  A bat skeleton (D)
  An endoplasm (D)
  2 giant cockroaches (D)
  A hobgoblin (D)
  A quokka (D)
  3 ball pythons (D)
  A jackal zombie (D)
  A kobold (D)
  2 rats (D)
248 creatures vanquished.

Notes
Turn   | Place    | Note
-------+----------+-------------------------------------------
     0 | D        | mhtbhm the Troll Transmuter began the quest for the Orb.
     0 | D        | Reached XP level 1. HP: 18/18 MP: 1/1
    21 | D        | Noticed an efreet
    21 | D        | Noticed a hound
    21 | D        | Noticed a redback
    26 | D        | Killed a redback
    27 | D        | Reached skill level 1 in Fighting
    27 | D        | Reached skill level 7 in Unarmed Combat
    27 | D        | Reached XP level 2. HP: 27/27 MP: 0/4
    27 | D        | Reached XP level 3. HP: 33/33 MP: 0/6
    27 | D        | Reached XP level 4. HP: 41/41 MP: 0/7
    29 | D        | Killed an efreet
    30 | D        | Reached skill level 10 in Unarmed Combat
    30 | D        | Reached XP level 5. HP: 48/48 MP: 0/9
    30 | D        | Reached XP level 6. HP: 55/55 MP: 0/10
    69 | D        | Found a bloodstained altar of Trog.
    69 | D        | Found a shimmering blue altar of Sif Muna.
    69 | D        | Found a viscous altar of Jiyva.
    69 | D        | Found a hazy altar of Hepliaklqana.
    69 | D        | Found an opulent altar of Gozag.
    70 | D        | Found a glowing golden altar of the Shining One.
    70 | D        | Found a glowing silver altar of Zin.
    70 | D        | Found a basalt altar of Yredelemnul.
    70 | D        | Found a shimmering altar of Xom.
    70 | D        | Found an ornate altar of the Wu Jian Council.
    70 | D        | Found a sacrificial altar of Ru.
    70 | D        | Found a stormy altar of Qazlal.
    70 | D        | Found an iron altar of Okawaru.
    70 | D        | Found a sparkling altar of Nemelex Xobeh.
    70 | D        | Found a burning altar of Makhleb.
    70 | D        | Found a blossoming altar of Fedhas.
    70 | D        | Found a white marble altar of Elyvilon.
    70 | D        | Found a shadowy altar of Dithmenos.
    70 | D        | Found a snail-covered altar of Cheibriados.
    72 | D        | Found a radiant altar of Vehumet.
    72 | D        | Found a corrupted altar of Lugonu.
    73 | D        | Found a hide-covered altar of Uskayaw.
    73 | D        | Found an ancient bone altar of Kikubaaqudgha.
    73 | D        | Found a broken altar of Ashenzari.
    79 | D        | Became a worshipper of Gozag Ym Sagoz the Greedy
   129 | D        | Learned a level 2 spell: Wereblood
   133 | D        | Learned a level 3 spell: Spider Form
   138 | D        | Learned a level 4 spell: Ice Form
   171 | D        | Reached skill level 5 in Dodging
   171 | D        | Reached skill level 11 in Unarmed Combat
   236 | D        | Noticed a water moccasin
   246 | D        | Killed a water moccasin
   247 | D        | Reached XP level 7. HP: 23/62 MP: 7/12
   254 | D        | HP: 2/63 [white imp/puff of frost (10)]
   259 | D        | Reached skill level 12 in Unarmed Combat
   399 | D        | Noticed a two-headed ogre
   406 | D        | Killed a two-headed ogre
   407 | D        | Reached skill level 13 in Unarmed Combat
   407 | D        | Reached skill level 5 in Transmutations
   407 | D        | Reached XP level 8. HP: 57/74 MP: 7/14
   451 | D        | Noticed a wandering mushroom
   451 | D        | Noticed a deep elf zephyrmancer
   456 | D        | Reached skill level 5 in Spellcasting
   463 | D        | Killed a deep elf zephyrmancer
   464 | D        | Reached skill level 14 in Unarmed Combat
   495 | D        | Reached XP level 9. HP: 59/81 MP: 11/15
  1004 | D        | Noticed an elephant
  1014 | D        | Killed an elephant
  1015 | D        | Reached skill level 1 in Ice Magic
  1029 | D        | Noticed a bog body
  1029 | D        | Noticed a flayed ghost
  1035 | D        | Killed a flayed ghost
  1036 | D        | Reached skill level 15 in Unarmed Combat
  1036 | D        | Reached skill level 1 in Poison Magic
  1043 | D        | Killed a bog body
  1069 | D        | Noticed a cyclops
  1133 | D        | Reached skill level 16 in Unarmed Combat
  1134 | D        | Reached XP level 10. HP: 91/91 MP: 13/18
  1141 | D        | Reached skill level 1 in Stealth
  1214 | D        | Noticed a four-headed hydra
  1222 | D        | Killed a four-headed hydra
  1223 | D        | Reached skill level 17 in Unarmed Combat
  1236 | D        | Noticed a cane toad
  1242 | D        | Killed a cane toad
  1248 | D        | Noticed a lindwurm
  1255 | D        | Noticed a swamp dragon
  1256 | D        | Noticed a smoke demon
  1267 | D        | Killed a swamp dragon
  1270 | D        | Killed a smoke demon
  1323 | D        | Reached skill level 18 in Unarmed Combat
  1451 | D        | Noticed a spriggan rider
  1459 | D        | HP: 2/111 [spriggan rider/+0 spear (25)]
  1468 | D        | Killed a spriggan rider
  1469 | D        | Reached XP level 11. HP: 84/101 MP: 19/21
  1538 | D        | Killed a lindwurm
  1578 | D        | Bought a thick robe for 142 gold pieces
  1578 | D        | Identified the +0 robe of the Witching Gods {rElec Str+8
                  | Dex-4 SInv} (You bought it in a shop in the Dungeon)
  1583 | D        | Bought an embroidered robe for 92 gold pieces
  1624 | D        | Reached skill level 19 in Unarmed Combat
  1811 | D        | Got the ring "Desywn" {rF+ Slay+4}
  1958 | D        | Noticed a vampire mage
  1958 | D        | Noticed a spriggan berserker
  1958 | D        | Noticed a death knight
  1958 | D        | Noticed a wolf spider
  1958 | D        | Noticed a wolf spider
  1960 | D        | Noticed a jiangshi
  1964 | D        | Killed a death knight
  1965 | D        | Killed a wolf spider
  1971 | D        | Killed a spriggan berserker
  1972 | D        | Reached skill level 5 in Fighting
  1972 | D        | Killed a wolf spider
  1973 | D        | Reached skill level 5 in Ice Magic
  1976 | D        | Killed a vampire mage
  1981 | D        | Killed a ghost moth
  1982 | D        | Reached skill level 20 in Unarmed Combat
  2083 | D        | Bought the Tractate on Transition for 616 gold pieces
  2094 | D        | Learned a level 6 spell: Statue Form
  2104 | D        | Noticed a four-headed hydra
  2111 | D        | Killed a four-headed hydra
  2173 | D        | Reached XP level 12. HP: 66/113 MP: 17/23
  2339 | D        | Noticed a centaur warrior
  2339 | D        | Noticed Gastronok
  2344 | D        | Killed a centaur warrior
  2351 | D        | Killed Gastronok
  2352 | D        | Reached skill level 10 in Dodging
  2352 | D        | Reached skill level 21 in Unarmed Combat
  2469 | D        | Noticed a deep elf blademaster
  2481 | D        | HP: 2/136 [deep elf blademaster/+0 rapier (6)]
  2487 | D        | Killed a deep elf blademaster
  2853 | D        | Noticed a merfolk avatar
  2859 | D        | Killed a merfolk avatar
  2860 | D        | Reached skill level 10 in Transmutations
  2862 | D        | Noticed a two-headed ogre
  2864 | D        | Killed a two-headed ogre
  2865 | D        | Noticed a centaur warrior
  2867 | D        | Noticed a nagaraja
  2867 | D        | Noticed a merfolk aquamancer
  2870 | D        | Killed a merfolk aquamancer
  2872 | D        | Noticed a rakshasa
  2877 | D        | Killed a nagaraja
  2886 | D        | Noticed a death knight
  2892 | D        | Killed a rakshasa
  2893 | D        | Reached skill level 1 in Evocations
  2895 | D        | Killed a centaur warrior
  2901 | D        | Killed a death knight
  2902 | D        | Reached skill level 22 in Unarmed Combat
  2925 | D        | Identified the +1 shortbow "Trog's Outrage" {elec, rF+}
  2929 | D        | Noticed an anaconda
  2937 | D        | Reached XP level 13. HP: 109/126 MP: 20/25
  2953 | D        | Reached skill level 23 in Unarmed Combat
  2991 | D        | Noticed a dire elephant
  3254 | D        | Killed a dire elephant
  3436 | D        | Noticed an orb of fire
  3598 | D        | Bought a book of Transfigurations for 600 gold pieces
  3604 | D        | Learned a level 5 spell: Blade Hands
  3609 | D        | Learned a level 4 spell: Petrify
  3614 | D        | Bought a scroll of fear for 40 gold pieces
  3614 | D        | Bought 3 scrolls of fog for 120 gold pieces
  3614 | D        | Bought a scroll of silence for 95 gold pieces
  3644 | D        | Noticed an orc warlord
  3644 | D        | Noticed an orc warlord
  3665 | D        | Noticed a deep elf blademaster
  3667 | D        | Killed an orc warlord
  3668 | D        | Reached skill level 24 in Unarmed Combat
  3670 | D        | Noticed an acid blob
  3680 | D        | Killed an acid blob
  3691 | D        | Reached skill level 5 in Stealth
  3705 | D        | Killed a deep elf blademaster
  3705 | D        | Killed an orc warlord
  3706 | D        | Reached skill level 10 in Spellcasting
  3706 | D        | Reached skill level 5 in Evocations
  3713 | D        | Reached skill level 25 in Unarmed Combat
  4159 | D        | Learned a level 7 spell: Dragon Form
  4675 | D        | Gained mutation: You occasionally lose the ability to read
                  | scrolls when taking damage. [mutagenic glow]
  4757 | D        | Lost mutation: You occasionally lose the ability to read
                  | scrolls when taking damage. [potion of mutation]
  4757 | D        | Gained mutation: You have hidden genetic potential. [potion
                  | of mutation]
  4757 | D        | Gained mutation: You expend magic power (3 MP) to
                  | strengthen your wands. [potion of mutation]
  4805 | D        | Killed an orb of fire
  4806 | D        | Reached XP level 14. HP: 136/136 MP: 18/27
  4809 | D        | Noticed a hellephant
  4822 | D        | Killed a hellephant
  4828 | D        | Noticed Gowaecil the pandemonium lord
  4828 | D        | Noticed an angel
  4828 | D        | Noticed Leles the pandemonium lord
  4828 | D        | Noticed a ghost moth
  4831 | D        | Killed a ghost moth
  4834 | D        | Killed Gowaecil the pandemonium lord
  4837 | D        | Killed Leles the pandemonium lord
  4848 | D        | Killed an angel
  4880 | D        | Noticed a royal mummy
  4886 | D        | Killed a royal mummy
  4887 | D        | Reached skill level 26 in Unarmed Combat
  4910 | D        | Noticed an orb of fire
  4910 | D        | Gained mutation: Your body sometimes deteriorates upon
                  | taking damage. [an orb of fire]
  4916 | D        | Killed an orb of fire
  4919 | D        | Noticed a green draconian monk
  4923 | D        | Killed a green draconian monk
  4924 | D        | Gained mutation: Your flesh is heat resistant. (rF+)
                  | [hidden potential]
  4926 | D        | Noticed a lich
  4932 | D        | Killed a lich
  5195 | D        | Noticed a Hell Sentinel
  5200 | D        | Killed a Hell Sentinel
  5207 | D        | Reached skill level 27 in Unarmed Combat
  5213 | D        | Noticed an azure jelly
  5216 | D        | Killed an azure jelly
  5217 | D        | Noticed a Killer Klown
  5223 | D        | Killed a Killer Klown
  5351 | D        | Noticed Qawiorph the pandemonium lord
  5369 | D        | Killed Qawiorph the pandemonium lord
  5370 | D        | Reached XP level 15. HP: 101/146 MP: 21/30
  5448 | D        | Noticed a black draconian knight
  5450 | D        | Killed a black draconian knight
  5453 | D        | Noticed a pearl dragon
  5458 | D        | Killed a pearl dragon
  5463 | D        | Noticed a deep elf blademaster
  5467 | D        | Killed a deep elf blademaster
  5471 | D        | Noticed a Hell Sentinel
  5475 | D        | Killed a Hell Sentinel
  5478 | D        | Noticed a Brimstone Fiend
  5481 | D        | Killed a Brimstone Fiend
  5486 | D        | Noticed a quicksilver dragon
  5489 | D        | Killed a quicksilver dragon
  5633 | D        | Noticed a Brimstone Fiend
  5637 | D        | Killed a Brimstone Fiend
  5693 | D        | Noticed a tentacled monstrosity
  5693 | D        | Noticed a daeva
  5695 | D        | Killed a tentacled monstrosity
  5701 | D        | Killed a daeva
  5707 | D        | Noticed an Ice Fiend
  5707 | D        | Noticed a Killer Klown
  5711 | D        | Killed an Ice Fiend
  5712 | D        | Reached skill level 15 in Transmutations
  5716 | D        | Killed a Killer Klown
  5810 | D        | Noticed an ancient lich
  5814 | D        | Killed an ancient lich
  5815 | D        | Reached skill level 10 in Fighting
  5816 | D        | Noticed a Hell Sentinel
  5817 | D        | Noticed the Royal Jelly
  5817 | D        | Noticed an Ice Fiend
  5819 | D        | Killed a Hell Sentinel
  5823 | D        | Noticed an azure jelly
  5823 | D        | Noticed an azure jelly
  5823 | D        | Noticed an azure jelly
  5823 | D        | Noticed an acid blob
  5823 | D        | Noticed a rockslime
  5824 | D        | Killed the Royal Jelly
  5824 | D        | Noticed a rockslime
  5824 | D        | Noticed an azure jelly
  5824 | D        | Noticed an acid blob
  5826 | D        | Killed a rockslime
  5827 | D        | Noticed a rockslime
  5827 | D        | Noticed a Brimstone Fiend
  5829 | D        | Killed a rockslime
  5830 | D        | Noticed a shadow dragon
  5831 | D        | Killed an azure jelly
  5833 | D        | Killed an Ice Fiend
  5834 | D        | Killed a shadow dragon
  5836 | D        | Gained mutation: Your spells are a little harder to cast,
                  | but a little more powerful. [hidden potential]
  5836 | D        | Lost mutation: You have hidden genetic potential. [hidden
                  | potential expressed]
  5838 | D        | Killed an azure jelly
  5840 | D        | Noticed a rockslime
  5841 | D        | Killed a rockslime
  5848 | D        | Killed an acid blob
  5851 | D        | Killed a rockslime
  5860 | D        | Killed an azure jelly
  5863 | D        | Killed a Brimstone Fiend
  5865 | D        | Killed an acid blob
  5872 | D        | Killed an azure jelly
  5991 | D        | Noticed a daeva
  5991 | D        | Noticed an electric golem
  5995 | D        | Killed an electric golem
  5995 | D        | Noticed Ereshkigal
  5996 | D        | Noticed a Tzitzimitl
  5997 | D        | Noticed Mnoleg
  6000 | D        | Killed a daeva
  6010 | D        | Noticed a red draconian scorcher
  6011 | D        | Killed Ereshkigal
  6012 | D        | Reached skill level 15 in Dodging
  6012 | D        | Reached XP level 16. HP: 44/161 MP: 24/33
  6021 | D        | Killed Mnoleg
  6021 | D        | Noticed a bone dragon
  6363 | D        | Killed a bone dragon
  6364 | D        | Reached skill level 10 in Stealth
  6364 | D        | Reached skill level 15 in Spellcasting
  6384 | D        | Killed a Tzitzimitl
  6407 | D        | Got the ring "Ocarux" {Fly rF+++ rN+ AC+4 Str-4}
  6409 | D        | Got the ring "Unlua" {rPois rN++ rCorr AC+4 Int-5}
  6412 | D        | Got the ring "Riudos" {Ice rElec SInv Stlth+}
  6421 | D        | Got the amulet of Tulyzef {Acrobat Str-5 Int+6}
  6423 | D        | Got the ring "Wemuo" {rPois Str+6 Int-4 Dex+2 Stlth+}
  6425 | D        | Got the ring of Xuimu {rElec EV+5 Int-5 Stlth+}
  6430 | D        | Got the ring of Husmeam {rPois rC+++ MP-9 EV+5}
  6433 | D        | Got the amulet of Acea {Reflect *Corrode rPois Int-5 SH+5
                  | SInv}
  6436 | D        | Got an iron rune of Zot
  6441 | D        | Got the ring "Conlinweef" {Ice *Corrode +Blink Int+8}
  6491 | D        | Noticed a Brimstone Fiend
  6493 | D        | Killed a Brimstone Fiend
  6505 | D        | Noticed Murray
  6505 | D        | Noticed an ancient lich
  6505 | D        | Noticed Jory
  6508 | D        | Killed an ancient lich
  6519 | D        | Killed Murray
  6527 | D        | Killed Jory
  6694 | D        | Learned a level 7 spell: Storm Form
  6879 | D        | Bought a potion of curing for 54 gold pieces
  6879 | D        | Bought 2 potions of heal wounds for 180 gold pieces
  6879 | D        | Bought a potion of heal wounds for 90 gold pieces
  6879 | D        | Bought a potion of resistance for 180 gold pieces
  6986 | D        | Noticed Boris
  6993 | D        | Noticed a Hell Sentinel
  7005 | D        | Noticed a shadow dragon
  7012 | D        | Killed a Hell Sentinel
  7017 | D        | Killed Boris
  7043 | D        | HP: 4/246 [daeva/+3 long sword of holy wrath (12)]
  7044 | D        | Slain by a daeva

Illustrated notes

Levels and vault maps discovered:
D:        pitsprint [storerooms_1, entrance_room_1, metal_vault_1, armoury_1,
          mini_pit_1, grid_room_1, main_hall_1, silver_pit, the_coven_2,
          the_vestibule_1, steel_vault_2, golden_pit, hallway_of_sentries,
          crystal_vault_5, iron_vault_2, final_vault]

Skill      XL: |  1  2  3  4  5  6  7  8  9 10 11 12 13 14 15 16 |
---------------+-------------------------------------------------+-----
Fighting       | 1 2 3 4 5 7 8 9 10 12 | 12.3
Dodging        | 3 4 5 6 7 8 9 10 11 12 15 17 | 17.3
Unarmed Combat | 7 10 11 13 14 16 18 20 22 25 27 | 27.0
Spellcasting   | 2 3 4 5 6 7 8 9 10 12 14 16 | 16.2
Transmutations | 3 4 5 6 7 8 9 10 12 13 16 18 | 18.1
Ice Magic      | 2 4 5 6 7 |  7.4
Poison Magic   | 1 |  1.5
Stealth        | 1 3 6 7 9 10 | 10.8
Evocations     | 1 6 8 |  8.8
Earth Magic    | |  0.9

Action                   |  1- 3 |  4- 6 |  7- 9 | 10-12 | 13-15 | 16-18 || total
-------------------------+-------+-------+-------+-------+-------+-------++-------
Melee: Unarmed           |     2 |    38 |    62 |   222 |   236 |    88 ||   648
       Kick              |     1 |     1 |       |       |       |       ||     2
       Headbutt          |     1 |     1 |       |       |       |       ||     2
       Punch             |       |     1 |     3 |       |    30 |    17 ||    51
       Tailslap          |       |       |       |       |    29 |    20 ||    49
       Bite              |       |       |       |       |    13 |    17 ||    30
 Cast: Beastly Appendage |     1 |       |       |     1 |       |       ||     2
       Wereblood         |       |     2 |     5 |    10 |    12 |     4 ||    33
       Spider Form       |       |     1 |     1 |       |       |       ||     2
       Ice Form          |       |       |     3 |    12 |     4 |       ||    19
       Blade Hands       |       |       |       |       |     3 |     1 ||     4
       Dragon Form       |       |       |       |       |     8 |     4 ||    12
Invok: Call Merchant     |       |       |       |     3 |     4 |     1 ||     8
       Potion Petition   |       |       |       |     3 |     7 |     2 ||    12
 Abil: Breathe Fire      |       |       |       |       |       |     1 ||     1
Evoke: Wand              |       |       |       |     4 |    10 |       ||    14
       Lightning rod     |       |       |       |       |    18 |     1 ||    19
  Use: Potion            |     2 |     1 |     2 |    12 |    12 |     5 ||    34
       Scroll            |       |       |       |     2 |     4 |     1 ||     7
 Stab: Invisible         |       |       |       |     6 |     4 |     1 ||    11
       Sleeping          |       |       |       |       |     5 |       ||     5
       Distracted        |       |       |       |       |     2 |     1 ||     3
Armor: Robe              |       |    12 |     2 |     1 |       |       ||    15
       Skin              |       |       |     3 |    22 |    53 |    20 ||    98
Dodge: Dodged            |     2 |    27 |    32 |   136 |   106 |    34 ||   337

Table legend: (Time is in decaauts)
 A = Elapsed time spent in this place.
 B = Non-inter-level travel time spent in this place.
 C = Inter-level travel time spent in this place.
 D = Time resting spent in this place.
 E = Time spent auto-exploring this place.
 F = Levels seen in this place.
 G = Mean time per level.
                   A        B        C        D        E       F      G
               +--------+--------+--------+--------+--------+-----+--------+
         Total |   6802 |   6802 |      0 |   3655 |     47 |   1 | 6802.0 |
       Dungeon |   6802 |   6802 |      0 |   3655 |     47 |   1 | 6802.0 |
               +--------+--------+--------+--------+--------+-----+--------+

Top non-repeatable levels by time:
       D: 6802 daAuts
